Map: Central Protocol

Players

NoeNoel

  • Race: Zerg Zerg
  • League: Silver

Wargasm - Winner!

  • Race: Terran Terran

VOD

Have the link to the VOD?

Description

Time

  • Played on: Nov. 30, 2015, 5:15 p.m.
  • Length: 12:32
Show
View Real Time Build Order
Export as new Build Order

NoeNoel Zerg 

Build Orders: Hatch First 

Get SALT Encoding   

  12  0:01  Drone  
  13  0:15  Overlord  
  13  0:18  Drone  
  14  0:33  Drone  
  15  0:36  Drone  
  15  0:38  Drone  
  17  0:56  Hatchery  
  16  0:59  Drone  
  16  1:02  Extractor  
  16  1:04  Drone  
  16  1:10  Drone  
  18  1:23  Spawning Pool  
  17  1:27  Drone  
  17  1:32  Drone  
  19  1:47  Overlord  
  19  2:10  Queen  
  19  2:11  Queen  
  19  2:12  Zergling x2  
  19  2:13  Zergling x2  
  25  2:16  Metabolic Boost  
  25  2:18  Drone  
  26  2:26  Drone x2  
  26  2:27  Drone  
  29  2:40  Drone x2  
  31  2:50  Roach Warren  
  28  3:04  Drone x2  
  28  3:05  Drone  
  31  3:08  Zergling x2  
  31  3:11  Overlord x2  
  32  3:31  Roach x4  
  40  3:53  Roach x2  
  40  3:54  Roach  
  40  3:55  Overlord x2  
  46  4:09  Roach x3  
  52  4:14  Ravager  
  51  4:46  Roach x4  
  59  4:59  Overlord x2  
  59  5:01  Zergling x8  
  63  5:30  Roach x4  
  64  5:46  Roach x2  
  62  5:57  Zergling x4  
  62  5:58  Zergling x4  
  59  6:07  Ravager  
  43  6:43  Roach x3  
  43  6:44  Roach  
  43  6:46  Zergling x4  
  47  6:55  Extractor  
  42  7:14  Drone x2  
  40  7:17  Extractor  
  40  7:19  Extractor  
  36  7:54  Spore Crawler  
  36  7:56  Spore Crawler  
  34  8:00  Spore Crawler  
  34  8:03  Drone x2  
  34  8:04  Drone x2  
  31  8:34  Lair  
  31  9:10  Roach  
  31  9:11  Roach x2  
  31  9:14  Zergling x6  
  31  9:15  Zergling x2  
  41  9:35  Lair  
  41  9:43  Roach x4  
  46  10:29  Hatchery, Drone x5  
  50  10:41  Spire  
  49  11:01  Hatchery  
  48  11:09  Hydralisk Den  
  47  11:28  Overlord  
  47  11:30  Overseer  
  47  11:31  Overseer  
  47  11:43  Spore Crawler  
  41  12:14  Zergling x4  
  41  12:15  Zergling x2  
Show
View Real Time Build Order
Export as new Build Order

Wargasm Terran - Winner!

Build Orders: Reaper Expand 

Get SALT Encoding   

  12  0:02  SCV  
  13  0:14  SCV  
  14  0:26  SCV  
  15  0:37  Supply Depot  
  15  0:39  Refinery  
  15  0:59  SCV  
  15  1:00  Barracks  
  16  1:05  Refinery  
  17  1:11  SCV  
  17  1:23  SCV  
  18  1:35  SCV  
  19  1:47  Reaper  
  19  1:50  Command Center  
  20  2:04  SCV  
  21  2:10  Factory  
  21  2:20  Reaper  
  22  2:30  Bunker  
  21  2:52  Reaper  
  21  2:55  Factory Reactor  
  22  2:59  Orbital Command  
  21  3:24  Reaper  
  22  3:35  Orbital Command  
  22  3:37  SCV, Refinery  
  25  3:41  Hellion x2  
  27  3:49  SCV  
  28  3:56  Reaper  
  28  4:01  SCV  
  32  4:03  Hellion x2  
  32  4:09  Supply Depot  
  34  4:13  SCV  
  35  4:25  SCV  
  36  4:37  SCV  
  37  4:38  Widow Mine  
  37  4:39  Widow Mine  
  37  4:43  Barracks Tech Lab  
  41  4:50  Starport  
  41  4:51  SCV x2  
  43  4:57  Supply Depot  
  43  5:07  Barracks x2, Marine  
  43  5:08  Stimpack  
  43  5:24  Marine  
  38  5:36  Medivac  
  23  5:57  Widow Mine x2  
  22  6:06  Medivac  
  22  6:10  SCV x2  
  25  6:22  SCV x2  
  27  6:27  Marine  
  26  6:40  SCV x2  
  26  6:45  Marine  
  27  6:52  SCV x2  
  28  6:57  Medivac  
  30  7:03  Marine  
  30  7:04  SCV  
  32  7:17  Widow Mine x2  
  32  7:21  Marine  
  37  7:25  Supply Depot  
  37  7:28  SCV  
  37  7:29  SCV  
  38  7:39  Marine  
  39  7:56  Marine  
  40  8:14  Marine  
  39  8:33  Marauder  
  39  8:54  Marauder  
  41  8:57  SCV x2  
  43  9:09  SCV x2  
  45  9:15  Marine  
  46  9:21  SCV  
  44  9:33  Marauder  
  44  9:37  Barracks Reactor, Barracks Tech Lab  
  45  9:39  Barracks  
  45  9:42  Barracks  
  45  9:53  SCV x2  
  45  9:54  Marine  
  46  10:05  SCV  
  47  10:11  Supply Depot  
  47  10:12  Supply Depot, Marine  
  47  10:13  Command Center, Supply Depot, Medivac  
  46  10:20  Supply Depot  
  46  10:25  Starport  
  46  10:27  SCV x2  
  48  10:30  Marauder  
  50  10:36  Supply Depot  
  50  10:38  Supply Depot  
  50  10:39  SCV  
  51  10:43  Medivac  
  53  10:51  Marine  
  53  10:52  SCV  
  53  10:53  SCV  
  56  11:04  SCV  
  56  11:05  SCV  
  58  11:16  SCV  
  58  11:17  SCV  
  60  11:29  Marine x4  
  60  11:30  Marauder x2  
  68  11:33  Starport Reactor  
  68  11:47  Marine  
  68  11:51  Marauder x2  
Tags
 
Add a new tag
Caveats
  • Supply blocks, unpowered buildings, or Contaminate may cause inaccurate times.
  • Supply counts are checked every 10 seconds.